 Dungeon Crawl Stone Soup version 0.27.1 (webtiles) character file.

Game seed: 9422202596003534840

560 MajorAdolf the Chopper (level 7, -4/60 HPs)
             Began as a Naga Wanderer on Aug 24, 2021.
             Slain by an orc (7 damage)
             ... on level 5 of the Dungeon.
             The game lasted 00:07:43 (5532 turns).

MajorAdolf the Chopper (Naga Wanderer)              Turns: 5532, Time: 00:07:43

Health: -4/60      AC:  9    Str: 17    XL:     7   Next: 31%
Magic:  7/7        EV:  2    Int: 12    God:
Gold:   185        SH:  7    Dex: 10    Spells: 6/6 levels left

rFire    . . .     SeeInvis +   a - +2 hand axe
rCold    . . .     Faith    .   y - +0 kite shield
rNeg     . . .     Spirit   .   r - +0 chain mail
rPois    +         Reflect  .   o - +0 helmet
rElec    .         Harm     .   (no cloak)
rCorr    .         Rampage  .   z - +0 pair of gloves
Will     .....                  (no barding)
Stlth    ..........             (no amulet)
HPRegen  0.20/turn              f - ring of wizardry
MPRegen  0.10/turn              (no ring)

@: short of breath, very slow
A: AC +2, large, see invisible, deformed body, poison resistance, slowness 2,
spit poison 1, naga tail 1
a: Spit Poison


You were on level 5 of the Dungeon.
You visited 1 branch of the dungeon, and saw 5 of its levels.

You collected 185 gold pieces.

Inventory:

Hand Weapons
 a - a +2 hand axe (weapon)
 t - a +3 antimagic whip
Armour
 o - a +0 helmet (worn)
 r - a +0 chain mail (worn)
 y - a +0 kite shield (worn)
 z - a +0 pair of gloves (worn)
Magical Staves
 s - a staff of air
 A - a staff of earth
Jewellery
 f - a ring of wizardry (left hand)
Wands
 w - a wand of iceblast (3)
Scrolls
 b - 2 scrolls of teleportation
 h - 2 scrolls of amnesia {unknown}
 i - 3 scrolls of fog {unknown}
 k - 3 scrolls of magic mapping {unknown}
 q - a scroll of immolation {unknown}
 v - 2 scrolls of holy word {unknown}
 x - a scroll of identify {unknown}
Potions
 c - a potion of magic {unknown}
 d - 3 potions of curing
 e - a potion of mutation {unknown}
 g - a potion of haste {unknown}
 j - a potion of flight {unknown}
 l - 2 potions of cancellation {unknown}
 m - a potion of brilliance {unknown}
 n - a potion of attraction {unknown}
 p - a potion of heal wounds {unknown}
 u - a potion of degeneration {unknown}


   Skills:
 - Level 2.0 Fighting
 + Level 7.2 Axes
 - Level 1.7 Crossbows
 - Level 1.0 Throwing
 + Level 1.9 Armour
 + Level 1.4 Dodging
 + Level 2.1 Stealth
 - Level 1.0 Shields
 + Level 1.2 Evocations


You had 6 spell levels left.
You didn't know any spells.
Your spell library contained the following spells:

 Spells                   Type           Power      Damage    Failure   Level
 Call Canine Familiar     Summ           0%         N/A       100%        3
 Portal Projectile        Hex/Tloc       0%         N/A       100%        3
 Stone Arrow              Conj/Erth      0%         3d7       100%        3
 Animate Armour           Summ/Erth      0%         N/A       100%        4
 Cause Fear               Hex            0%         N/A       100%        4
 Leda's Liquefaction      Hex/Erth       0%         N/A       100%        4
 Dragon Form              Tmut           0%         N/A       100%        7
 Lehudib's Crystal Spear  Conj/Erth      0%         10d2      100%        8
 Chain Lightning          Conj/Air       0%         N/A       100%        9
 Dragon's Call            Summ           0%         N/A       100%        9
 Fire Storm               Conj/Fire      0%         5d1       100%        9


Dungeon Overview and Level Annotations

Branches:
Dungeon (5/15)
 Temple: D:4-7

Altars:
Ru
Vehumet


Innate Abilities, Weirdness & Mutations

Your serpentine skin is tough. (AC +2)
You have supernaturally acute eyesight. (SInv)
Armour fits poorly on your strangely shaped body.
Your system is resistant to poisons. (rPois)
You cover ground very slowly.
You can spit poison.
You have a snake-like lower body.


Message History

You feel sick.
You feel sick.
The orc throws a poisoned dart.
The poisoned dart hits you!
You feel sick.
The orc throws a poisoned dart.
You block the poisoned dart.
You feel sick.
The orc throws a poisoned dart.
The poisoned dart hits you!
You are more poisoned.
You feel very sick.
You feel sick. The orc hits you with a +0 war axe.
You completely miss the orc.
You feel very sick. You block the orc's attack.
The orc hits you but does no damage.
You hit the orc.
The orc is moderately wounded.
You feel sick. The orc hits you with a +0 war axe.
You closely miss the orc.
The orc is moderately wounded.
You feel sick. The orc hits you but does no damage.
You hit the orc.
The orc is heavily wounded.
You feel sick. The orc hits you but does no damage.
Your chain mail prevents you from hitting the orc.
The orc is heavily wounded.
You feel sick. The orc hits you with a +0 war axe!
* * * LOW HITPOINT WARNING * * *
Unknown command.
Press: ? - help, Shift-Dir - straight line, f - orc
Aim: an orc, wielding a +0 war axe, wearing a +0 ring mail and quivering poisoned darts (heavily wounded)
The splash of poison hits the orc.
The orc is poisoned.
The orc is severely wounded.
You feel sick.
You are no longer poisoned.
You block the orc's attack.
You hit the orc but do no damage.
The orc is severely wounded.
The orc hits you but does no damage. The orc hits you with a +0 war axe.
* * * LOW HITPOINT WARNING * * *
Unknown command.
You barely miss the orc.
The orc is almost dead.
The orc hits you with a +0 war axe!
You die...

### #.. ####.# #@##.#
#######o##.######
..............n...
########.##.....#.#
#.....##......#.#
####### #.# #.#....#..#
#
...)..###.###.......).#
........................
.......#########.#...#.#


You could see an orc (poisoned).

Vanquished Creatures
  A black bear (D:5)
  A necrophage (D:5)
  A howler monkey (D:5)
  2 orc priests
  3 hounds
  A jelly (D:4)
  Ijyb (D:3)
  An orc wizard (D:5)
  A hound skeleton (D:4)
  4 adders
  3 worms
  A dart slug (D:1)
  9 orcs
  8 ball pythons
  4 endoplasms
  A giant cockroach (D:1)
  3 goblins
  2 hobgoblins (D:1)
  2 jackals
  A quokka (D:3)
  5 bats
  3 frilled lizards
  5 kobolds
  6 rats
69 creatures vanquished.

Notes
Turn   | Place    | Note
-------+----------+-------------------------------------------
     0 | D:1      | MajorAdolf the Naga Wanderer began the quest for the Orb.
     0 | D:1      | MajorAdolf set off with the following items: a +2 hand axe,
                  | a scroll of teleportation, a +0 ring mail
     0 | D:1      | Reached XP level 1. HP: 19/19 MP: 1/1
   450 | D:1      | Reached XP level 2. HP: 26/26 MP: 2/2
   643 | D:1      | Found a faded altar of an unknown god.
   935 | D:1      | Reached skill level 4 in Axes
  1070 | D:2      | Reached XP level 3. HP: 30/32 MP: 3/3
  1390 | D:2      | You fall into a shaft and drop 2 floors!
  1397 | D:4      | Reached XP level 4. HP: 37/39 MP: 4/4
  1438 | D:4      | Reached skill level 5 in Axes
  1458 | D:5      | Entered Level 5 of the Dungeon
  1505 | D:4      | Noticed a necrophage
  1787 | D:4      | Reached XP level 5. HP: 23/45 MP: 5/5
  2404 | D:5      | Killed a necrophage
  2405 | D:5      | Reached skill level 6 in Axes
  2405 | D:5      | Reached XP level 6. HP: 35/52 MP: 6/6
  3526 | D:4      | Found a sacrificial altar of Ru.
  3878 | D:3      | Reached skill level 7 in Axes
  4440 | D:3      | Noticed Ijyb
  4464 | D:3      | Killed Ijyb
  4803 | D:2      | Found a radiant altar of Vehumet.
  5032 | D:5      | Reached skill level 1 in Dodging
  5038 | D:5      | Noticed a necrophage
  5041 | D:5      | Noticed a black bear
  5044 | D:5      | Reached skill level 1 in Stealth
  5044 | D:5      | Reached XP level 7. HP: 47/60 MP: 7/7
  5321 | D:5      | Reached skill level 1 in Evocations
  5531 | D:5      | HP: 3/60 [orc (4)]
  5532 | D:5      | Slain by an orc

Illustrated notes

Levels and vault maps discovered:
D:1:      ncdulo_smallfort, layout_basic, chequers_ecumenical_altar_grove,
          minmay_tiny_reverse_x
D:2:      layout_rooms, serial_glass, glass_columns_a, glass_columns_a,
          basic_altar
D:3:      layout_loops_ring, uniq_ijyb
D:4:      layout_rooms, general_overflow_altar
D:5:      layout_basic, kennysheep_little_box, uniq_crazy_yiuf_cottage

Skill      XL: |  1  2  3  4  5  6  7 |
---------------+----------------------+-----
Axes           | 4 5 6 7 |  7.2
Dodging        | 1 |  1.4
Stealth        | 1 2 |  2.1
Evocations     | 1 |  1.2
Fighting       | |  2.0
Crossbows      | |  1.7
Throwing       | |  1.0
Armour         | |  1.9
Shields        | |  1.0

Action                   |  1- 3 |  4- 6 |  7- 9 || total
-------------------------+-------+-------+-------++-------
Melee: Hand axe          |    70 |   157 |    38 ||   265
 Abil: Spit Poison       |     7 |    12 |     3 ||    22
Armor: Ring mail         |    37 |    19 |       ||    56
       Chain mail        |       |    49 |    42 ||    91
Dodge: Dodged            |    46 |    43 |     5 ||    94
Block: Kite shield       |       |    10 |    23 ||    33
